 Dungeon Crawl Stone Soup version 0.26.1-11-gd32895ea62 (webtiles) character file.

Game seed: 8242031885474973462

89468 dtburroughs the Fighter (level 15, -4/138 HPs)
             Began as a Minotaur Berserker on June 14, 2021.
             Was a High Priest of Trog.
             Killed from afar by Jorgrun (10 damage)
             ... with an iron shot
             ... while petrified by Jorgrun
             ... on level 15 of the Dungeon on June 15, 2021.
             The game lasted 01:21:16 (30128 turns).

dtburroughs the Fighter (Minotaur Berserker)       Turns: 30128, Time: 01:21:17

Health: -4/138     AC: 20    Str: 28    XL:     15   Next: 49%
Magic:  4/4        EV: -1    Int:  8    God:    Trog [*****.]
Gold:   1409       SH:  0    Dex:  9    Spells: 14/14 levels left

rFire    + . .     SeeInvis +   N - +2 hand axe (antimagic)
rCold    . . .     Faith    +   c - +0 tower shield
rNeg     + + +     Spirit   .   K - +1 ring mail of Zoremihi {+Blink +Inv rPois rF+}
rPois    ∞         Reflect  .   T - +2 hat
rElec    .         Harm     .   p - +0 cloak
rCorr    .         Rampage  .   (no gloves)
Will     +....                  Q - +2 pair of boots
Stlth    ..........             l - amulet of faith
HPRegen  0.33/turn              E - +4 ring of protection
MPRegen  0.09/turn              G - ring of Niqir {Str+3 SInv}

@: petrified, grasped by roots, constricted
A: retaliatory headbutt, horns 2
a: Renounce Religion, Evoke Blink, Evoke Invisibility, Berserk, Trog's Hand,
Brothers in Arms


You were on level 15 of the Dungeon.
You worshipped Trog.
Trog was extremely pleased with you.
You visited 2 branches of the dungeon, and saw 21 of its levels.
You also visited: Ossuary and Bailey.

You collected 1409 gold pieces.

Inventory:

Hand Weapons
 y - a +5 hand axe of flaming
 L - a +0 vampiric broad axe
 N - a +2 antimagic hand axe (weapon)
 V - a +2 flail of protection
 Z - a +3 vorpal war axe
Armour
 c - a +0 tower shield (worn)
 p - a +0 cloak (worn)
 B - a +1 chain mail of willpower
 K - the +1 ring mail of Zoremihi (worn) {+Blink +Inv rPois rF+}
   (You found it on level 11 of the Dungeon)

   It protects you from fire.
   It protects you from poison.
   It lets you turn invisible.
   It lets you blink.
 M - a +3 plate armour
 Q - a +2 pair of boots (worn)
 T - a +2 hat (worn)
Jewellery
 l - an amulet of faith (around neck)
 E - a +4 ring of protection (left hand)
 G - the ring of Niqir (right hand) {Str+3 SInv}
   (You found it on level 1 of the Lair of Beasts)

   [ring of see invisible]

   It affects your strength (+3).
   It lets you see invisible.
 S - an uncursed amulet of reflection
Wands
 a - a wand of enslavement (17)
 m - a wand of flame (52)
 n - a wand of polymorph (21)
 R - a wand of random effects (54)
 Y - a wand of paralysis (18)
Scrolls
 d - 4 scrolls of immolation
 e - 12 scrolls of teleportation
 h - 15 scrolls of remove curse
 j - 2 scrolls of magic mapping
 o - a scroll of brand weapon {unknown}
 r - 2 scrolls of enchant armour
 s - 2 scrolls of blinking {unknown}
 v - 6 scrolls of fog
 x - 3 scrolls of enchant weapon
 F - 6 scrolls of fear
 H - a scroll of identify
 P - 2 scrolls of holy word {unknown}
Potions
 b - 19 potions of curing
 f - 2 potions of berserk rage
 g - 8 potions of might
 k - 2 potions of heal wounds
 q - 7 potions of attraction
 t - 2 potions of ambrosia
 u - 8 potions of lignification
 w - 3 potions of haste
 z - 8 potions of mutation
 C - 3 potions of flight
 I - a potion of cancellation {unknown}
 J - a potion of magic {unknown}
 O - a potion of experience {unknown}
 W - a potion of invisibility {unknown}
 X - 3 potions of degeneration {unknown}
Miscellaneous
 i - a lightning rod (4/4)
 A - a condenser vane
 U - a phial of floods


   Skills:
 + Level 14.3 Fighting
 + Level 14.2 Axes
 + Level 14.0 Armour
 + Level 13.0 Dodging
 + Level 12.5 Shields
 + Level 10.0 Evocations


You had 14 spell levels left.
You didn't know any spells.
Your spell library was empty.

Dungeon Overview and Level Annotations

Branches:
Dungeon (15/15)            Temple (0/1) D:6            Lair (6/6) D:8
 Shoals (0/4) Lair:3       Spider (0/4) Lair:3        Slime (0/5) Lair:6
    Orc (0/2) D:9          Vaults (0/5) D:14        Ossuary (visited)
 Bailey (visited)
 Depths: D:15

Altars:
Cheibriados
Elyvilon
Fedhas
Okawaru
Uskayaw
Xom
The Shining One
Beogh
Jiyva

Shops:
D:8 !   D:9 (   D:11 =

Annotations:
D:6 3 runed translucent doors, oc3rt's ghost, novice KoHu
D:10 2 transporters, Zeld's ghost, journeyman TrHu
D:15 Jorgrun


Innate Abilities, Weirdness & Mutations

You reflexively headbutt those who attack you in melee.
You have a pair of horns on your head.


Message History

* * * LOW HITPOINT WARNING * * *
x2 The grasping roots constrict you!
Jorgrun hits you with a +0 vorpal quarterstaff.
* * * LOW HITPOINT WARNING * * *
x3 The grasping roots constrict you!
Jorgrun casts a spell at you. You resist with significant effort.
* * * LOW HITPOINT WARNING * * *
The grasping roots constrict you. Jorgrun casts a spell at you.
The iron shot hits you!!
* * * LOW HITPOINT WARNING * * *
x2 The grasping roots constrict you!
Jorgrun says, "May tha earth consume ye!"
Jorgrun hits you but does no damage.
* * * LOW HITPOINT WARNING * * *
The grasping roots constrict you! Jorgrun gestures at you while chanting.
The iron shot hits you!!
You die...

.....#
#..........#####
...... ..#........##
...... .
#.#........## ......
.g. #...........#
...... ....
#.....(.....# ......
...##...........##
#...##
..##...............#
####
#..........[......#
#..g@.......#.##
##.........#...# .
########.######.....#
..
..............###...#
.# #####.........#
##### .# #.........#
.# ########### .


You could see Jorgrun.

Vanquished Creatures
  A dire elephant (Lair:6)
  Josephine (D:15)
  2 fire dragons
  11 hydras
  Fannar (D:11)
  3 vault guards (D:14)
  5 boulder beetles
  A catoblepas (Lair:6)
  Erica (Lair:2)
  An anaconda (Lair:6)
  6 two-headed ogres
  4 centaur warriors
  3 death yaks (Lair:6)
  A skeletal warrior (D:12)
  A swamp dragon (Lair:6)
  3 unseen horrors
  A harpy (shapeshifter) (D:14)
  3 phantasmal warriors
  3 orc knights
  An oklob plant (Lair:2)
  A wolf spider (Lair:3)
  A wolf spider zombie (D:14)
  A deep elf mage (D:11)
  A manticore (D:11)
  2 merfolk sirens (Lair:3)
  6 cyclopes
  5 ugly things
  2 elephants (Lair:6)
  2 black mambas (shapeshifter) (D:13)
  4 black mambas
  2 centaur zombies
  3 torpor snails
  17 cane toads
  A freezing wraith (D:15)
  11 komodo dragons
  2 efreet
  4 rime drakes
  3 meliai (D:14)
  6 trolls
  2 jumping spiders (Lair:3)
  2 merfolk (Lair:3)
  2 polar bears
  24 blink frogs
  2 hornets
  20 dream sheep
  2 meliai zombies
  A redback (D:13)
  A shadow (D:14)
  7 wraiths
  58 yaks
  9 basilisks
  8 humans (D:14)
  4 wyverns
  2 vampire mosquitoes (D:15)
  Edmund (D:5)
  3 steam dragons (Lair:6)
  Menkaure (D:7)
  3 soldier ants
  2 acid dragons (Lair:6)
  11 water moccasins
  3 sky beasts
  A swamp drake (Lair:6)
  An ice beast (D:8)
  3 black bears
  2 phantoms
  An eye of draining (D:15)
  A necrophage (D:9)
  4 orc warriors
  5 ogres
  5 wolves
  2 centaurs
  2 big kobolds
  19 bullfrogs
  4 scorpions
  13 killer bees
  2 wights (D:7)
  4 electric eels
  4 howler monkeys
  A bullfrog zombie (D:13)
  A quasit (D:6)
  4 centaur skeletons
  6 hounds
  4 jellies
  3 orc priests
  7 orc wizards
  8 iguanas
  3 bullfrog skeletons
  5 hell rats (Lair:3)
  7 worker ants
  2 hound zombies
  A hound skeleton (D:4)
  12 mummies (Ossuary)
  A howler monkey zombie (D:5)
  A worker ant zombie (D:3)
  23 gnolls
  12 adders
  A shadow imp (D:8)
  2 white imps (D:7)
  An ufetubus (D:5)
  An ooze (D:2)
  An adder skeleton (D:4)
  An adder zombie (D:8)
  2 dart slugs
  2 worms (D:2)
  4 leopard geckos
  44 orcs
  A ball python (D:2)
  7 bats
  7 giant cockroaches
  10 goblins
  17 hobgoblins
  4 jackals (D:1)
  2 quokkas
  A ball python zombie (D:5)
  7 frilled lizards
  2 gnoll skeletons (Ossuary)
  3 goblin skeletons (Ossuary)
  27 kobolds
  2 kobold skeletons (Ossuary)
  A leopard gecko skeleton (D:4)
  A leopard gecko zombie (D:6)
  An orc skeleton (Ossuary)
  A quokka skeleton (D:8)
  6 rats
  11 rat skeletons (Ossuary)
639 creatures vanquished.

Vanquished Creatures (collateral kills)
  An ogre mage (D:13)
  A death knight (D:13)
  Urug (D:10)
  A deep elf archer (D:13)
  A flayed ghost (D:13)
  A lindwurm (Lair:6)
  An ugly thing (D:13)
  A black mamba (Lair:6)
  A rime drake (Lair:2)
  A troll (D:13)
  2 dream sheep (Lair:6)
  A yak (Lair:1)
  Grum (D:10)
  A vampire mosquito (D:13)
  An ice beast (D:13)
  An orc warrior (D:13)
  2 wolves (D:10)
  A big kobold (D:13)
  A scorpion (D:13)
  3 wights (D:7)
  A quasit (D:10)
  A jelly (D:10)
  A bullfrog skeleton (D:10)
  A worker ant (D:10)
  A white imp (D:10)
29 creatures vanquished.

Vanquished Creatures (others)
  A human (D:14)
  An iguana (Lair:6)
  An adder (D:4)
  A worm (D:4)
  An orc (D:4)
  A frilled lizard (D:4)
  44 fungi
  83 plants
133 creatures vanquished.

Grand Total: 801 creatures vanquished

Notes
Turn   | Place    | Note
-------+----------+-------------------------------------------
     0 | D:1      | dtburroughs the Minotaur Berserker began the quest for the
                  | Orb.
     0 | D:1      | Reached XP level 1. HP: 19/19 MP: 0/0
   101 | D:1      | Reached XP level 2. HP: 20/27 MP: 1/1
   486 | D:1      | Reached XP level 3. HP: 32/33 MP: 2/2
   968 | D:2      | Reached ** piety under Trog
   973 | D:2      | Reached XP level 4. HP: 18/41 MP: 3/3
  1557 | D:2      | Reached XP level 5. HP: 35/47 MP: 4/4
  2658 | D:3      | Reached skill level 5 in Fighting
  2740 | D:3      | Reached skill level 5 in Axes
  2966 | D:3      | Reached XP level 6. HP: 47/56 MP: 5/5
  3253 | D:4      | Found a shimmering altar of Xom.
  3297 | D:4      | Reached *** piety under Trog
  3318 | D:4      | Reached skill level 5 in Armour
  3318 | D:4      | Reached XP level 7. HP: 33/62 MP: 6/6
  3824 | D:5      | Entered Level 5 of the Dungeon
  4228 | D:5      | Noticed Edmund
  4251 | D:5      | Killed Edmund
  4252 | D:5      | Reached skill level 5 in Dodging
  4502 | D:5      | Found an iron altar of Okawaru.
  5012 | D:6      | Found a staircase to the Ecumenical Temple.
  5209 | D:6      | Found a sand-covered staircase.
  5215 | D:6      | Reached XP level 8. HP: 68/71 MP: 7/7
  5224 | Ossuary  | Entered an ossuary
  5300 | Ossuary  | Reached **** piety under Trog
  5822 | D:6      | Found a runed translucent gate.
  5823 | D:6      | Found a runed translucent gate.
  5823 | D:6      | Identified the +10 morningstar "Dezofuy" {freeze, +Fly
                  | Str+4 Int+4}
  5824 | D:6      | Found a runed translucent gate.
  5826 | D:6      | Noticed oc3rt's ghost (novice KoHu)
  5830 | D:6      | Found a roughly hewn altar of Beogh.
  6337 | D:7      | Found a hide-covered altar of Uskayaw.
  6450 | D:7      | Reached skill level 1 in Shields
  6703 | D:7      | Reached skill level 1 in Evocations
  6951 | D:7      | Noticed Menkaure
  6959 | D:7      | Killed Menkaure
  6960 | D:7      | Reached XP level 9. HP: 80/81 MP: 8/8
  7106 | D:7      | Found a glowing golden altar of the Shining One.
  7178 | D:7      | Found a blossoming altar of Fedhas.
  7280 | D:8      | Got a smoking chain mail
  7291 | D:8      | Identified the cursed +1 chain mail of Starshine {SInv}
                  | (You found it on level 8 of the Dungeon)
  7293 | D:8      | Found Raha's Distillery.
  7867 | D:8      | Noticed a two-headed ogre
  7887 | D:8      | Killed a two-headed ogre
  8354 | D:8      | Reached XP level 10. HP: 50/90 MP: 9/9
  8457 | D:8      | Found a white marble altar of Elyvilon.
  8590 | D:8      | Found a staircase to the Lair.
  9079 | D:9      | Reached skill level 5 in Shields
  9342 | D:9      | Found Bobag's Weapon Shoppe.
  9423 | D:9      | Found a staircase to the Orcish Mines.
  9442 | D:9      | Noticed a two-headed ogre
  9464 | D:9      | Killed a two-headed ogre
 10072 | D:10     | Entered Level 10 of the Dungeon
 10083 | D:10     | Noticed Urug
 10098 | D:10     | Noticed Grum
 10100 | D:10     | Killed Urug
 10124 | D:10     | Killed Grum
 10390 | D:10     | Found a flagged portal.
 10408 | Bailey   | Entered a bailey
 10419 | Bailey   | Reached ***** piety under Trog
 10516 | Bailey   | Noticed an orc knight
 10546 | Bailey   | Received a gift from Trog
 10584 | Bailey   | Killed an orc knight
 10585 | Bailey   | Reached XP level 11. HP: 69/99 MP: 10/10
 10789 | D:10     | Found a transporter.
 10792 | D:10     | Noticed a catoblepas
 10793 | D:10     | Found a transporter.
 10793 | D:10     | Noticed Zeld's ghost (journeyman TrHu)
 10961 | D:10     | Noticed a two-headed ogre
 10973 | D:10     | Killed a two-headed ogre
 10974 | D:10     | Reached skill level 10 in Fighting
 10974 | D:10     | Reached skill level 10 in Axes
 10974 | D:10     | Reached skill level 5 in Evocations
 11363 | Lair:1   | Entered Level 1 of the Lair of Beasts
 12027 | Lair:1   | Got a crude ivory ring
 12791 | Lair:1   | Reached skill level 10 in Armour
 13397 | Lair:2   | Found a gate leading to a gauntlet.
 13722 | Lair:2   | Noticed a seven-headed hydra
 14209 | Lair:2   | Noticed Erica
 14668 | Lair:2   | Killed Erica
 14850 | Lair:1   | Reached XP level 12. HP: 66/108 MP: 11/11
 16142 | Lair:3   | Reached skill level 10 in Dodging
 16234 | Lair:3   | Identified the ring of Niqir {Str+3 SInv} (You found it on
                  | level 1 of the Lair of Beasts)
 16505 | Lair:3   | Noticed a seven-headed hydra
 16521 | Lair:3   | Killed a seven-headed hydra
 16754 | Lair:3   | Found a staircase to the Shoals.
 17128 | Lair:3   | Found a snail-covered altar of Cheibriados.
 17249 | Lair:3   | Noticed a five-headed hydra
 17289 | Lair:3   | Killed a five-headed hydra
 17694 | Lair:3   | Found a hole to the Spider Nest.
 17936 | Lair:4   | Reached XP level 13. HP: 115/117 MP: 12/12
 19105 | Lair:5   | Received a gift from Trog
 19233 | Lair:5   | Reached skill level 10 in Shields
 19570 | Lair:6   | Entered Level 6 of the Lair of Beasts
 20209 | Lair:6   | Found a viscous altar of Jiyva.
 20209 | Lair:6   | Found a staircase to the Slime Pits.
 20543 | Lair:6   | Noticed a dire elephant
 20956 | Lair:6   | Reached XP level 14. HP: 48/127 MP: 13/13
 23853 | D:11     | Noticed Fannar
 23886 | D:11     | Killed Fannar
 23959 | D:11     | Got an ancient ring mail
 24495 | D:11     | Found Reri's Jewellery Shop.
 24920 | D:12     | Received a gift from Trog
 25084 | D:12     | Identified the +1 ring mail of Zoremihi {+Blink +Inv rPois
                  | rF+} (You found it on level 11 of the Dungeon)
 27271 | D:13     | Reached XP level 15. HP: 112/137 MP: 14/14
 28414 | D:14     | Found a gate to the Vaults.
 29076 | D:15     | Entered Level 15 of the Dungeon
 29842 | D:15     | Reached skill level 10 in Evocations
 29843 | D:15     | Noticed Josephine
 29867 | D:15     | Killed Josephine
 29867 | D:15     | Received a gift from Trog
 30103 | D:15     | Noticed Jorgrun
 30127 | D:15     | HP: 5/138 [Jorgrun/+0 vorpal quarterstaff (5)]
 30128 | D:15     | Killed from afar by Jorgrun

Illustrated notes

Levels and vault maps discovered:
D:1:      dpeg_arrival_arbitrary_b, layout_basic, grunt_decor_one_mirror
D:2:      layout_rooms
D:3:      layout_rooms
D:4:      layout_rooms, xom_confusion_cloud
D:5:      layout_loops_ring, kennysheep_little_box, serial_co_window_serial,
          co_window_paths_a, co_window_corner_a, co_window_corner_a,
          co_window_corner_a, co_window_paths_b, co_window_corner_ca,
          co_window_broadway_b, co_window_unsneaky_path_e, co_window_4corner_a,
          glass_columns_a, glass_columns_a, glass_columns_c, glass_columns_a,
          glass_columns_a, uniq_edmund
D:6:      layout_gridville, minmay_temple_entry_stoned_glass,
          biasface_ghost_orc_armoury, enter_ossuary_1
D:7:      layout_rooms, general_overflow_altar, tso_oasis_becter,
          eat_drink_and_be_merry_uskayaw, uniq_menkaure
D:8:      layout_cave_pools, elyvilon_altar_5, lair_entry_dummy, serial_shops,
          shop
D:9:      layout_irregular_city, orc_0_dummy, serial_co_window_serial,
          co_window_corner_a, co_window_corner_a, co_window_paths_a,
          co_window_corner_a, co_window_paths_a, co_window_2corner,
          co_window_corner_b, co_window_corner_ca, co_window_paths_c,
          co_window_2corner, co_window_paths_d, glass_columns_b,
          glass_columns_a, glass_columns_c, serial_shops, shop
D:10:     layout_rooms, enter_bailey_3, gammafunk_ghost_arena, uniq_grum,
          uniq_urug
D:11:     layout_basic, serial_shops, nicolae_shop_waterfront,
          eino_tiny_chamber, uniq_fannar
D:12:     layout_basic, minmay_shattered_shrine
D:13:     minmay_expanding_squares, layout_cross
D:14:     layout_loops_ring, ximxim_vaults_locker_room, serial_co_window_serial,
          co_window_of_opportunity_a, co_window_paths_b, co_window_corner_a,
          co_window_of_opportunity_a, co_window_paths_a, co_window_corner_b,
          co_window_corner_b, co_window_2corner, co_window_paths_e,
          co_window_4corner_b, glass_columns_b, glass_columns_a, glass_columns_a
D:15:     grunt_enter_depths_snipers, layout_rooms, grunt_decor_arrowhead,
          minmay_crystal_box, uniq_josephine, uniq_jorgrun
Lair:1:   layout_long_grid, dpeg_stationary_puzzle, serial_bayou_shore_a,
          grunt_megastairs_3
Lair:2:   layout_chaotic_city, gauntlet_entry_generic,
          grunt_forest_small_clearings, minmay_lair_oklob_chamber, uniq_erica
Lair:3:   beast_lair_carwin_large_1, layout_chaotic_city,
          elwin_shoals_entry_stream, spider_nest_entry_funnel_web, basic_altar
Lair:4:   layout_cave_pods, lemuel_fruit_fields
Lair:5:   layout_misc_corridors, grunt_megastairs_2, infiniplex_staircase_pool
Lair:6:   guppyfry_lair_end_dragon, layout_regular_city,
          hangedman_lair_in_review, dpeg_slime_entry_enclosed_altar

Skill      XL: |  1  2  3  4  5  6  7  8  9 10 11 12 13 14 15 |
---------------+----------------------------------------------+-----
Axes           | 4 5 6 7 8 9 10 11 12 13 14 | 14.2
Fighting       | 4 5 6 7 8 9 10 11 12 13 14 | 14.3
Armour         | 3 4 5 6 7 8 9 10 11 12 13 14 | 14.0
Dodging        | 3 4 5 6 7 8 9 10 11 12 13 | 13.0
Shields        | 1 4 6 7 9 10 12 | 12.5
Evocations     | 1 3 4 6 7 8 9 10 | 10.0

Action                   |  1- 3 |  4- 6 |  7- 9 | 10-12 | 13-15 || total
-------------------------+-------+-------+-------+-------+-------++-------
Melee: Hand axe          |    58 |   153 |     4 |       |     4 ||   219
       Headbutt          |     8 |    29 |    65 |   161 |   293 ||   556
       War axe           |       |       |   365 |   137 |       ||   502
       Broad axe         |       |       |       |   622 |   986 ||  1608
       Flail             |       |       |       |    31 |   163 ||   194
Invok: Trog's Hand       |       |     2 |     4 |     8 |     8 ||    22
       Berserk           |       |       |     2 |       |       ||     2
       Brothers in Arms  |       |       |     1 |     4 |     7 ||    12
 Abil: Evoke Blink       |       |       |       |       |     1 ||     1
Evoke: Wand              |       |       |       |    11 |    23 ||    34
  Use: Scroll            |       |       |     8 |    12 |    10 ||    30
       Potion            |       |       |     2 |     4 |     5 ||    11
 Stab: Distracted        |       |       |       |     1 |     1 ||     2
       Petrified         |       |       |       |       |     9 ||     9
       Petrifying        |       |       |       |       |     1 ||     1
Armor: Animal skin       |    15 |       |       |       |       ||    15
       Scale mail        |       |    49 |    49 |       |       ||    98
       Ring mail         |       |       |    65 |   244 |   445 ||   754
       Chain mail        |       |       |    32 |    65 |       ||    97
       Skin              |       |       |     1 |       |       ||     1
Dodge: Dodged            |    38 |   122 |   209 |   398 |   499 ||  1266
Block: Tower shield      |       |       |   182 |   909 |  1258 ||  2349
